 Dungeon Crawl Stone Soup version 0.27-a0-1154-gfdeffcb720 (webtiles) character file.

Game seed: 14218441016270244488

112571 HoaS the Marksgargoyle (level 16, -10/96 HPs)
             Began as a Gargoyle Gladiator on May 13, 2021.
             Was a High Priest of Okawaru.
             Killed from afar by a fire giant (46 damage)
             ... with a bolt of fire
             ... on level 15 of the Dungeon on May 14, 2021.
             The game lasted 01:36:16 (28627 turns).

HoaS the Marksgargoyle (Gargoyle Gladiator)        Turns: 28627, Time: 01:36:17

Health: -10/96     AC: 43    Str: 23    XL:     16   Next: 60%
Magic:  23/23      EV: 14    Int: 10    God:    Okawaru [*****.]
Gold:   2275       SH:  5    Dex: 14    Spells: 15/15 levels left

rFire    . . .     SeeInvis +   q - +1 longbow "Osyteuje" {speed, rPois Will+ Dex+2}
rCold    + . .     Faith    .   (shield currently unavailable)
rNeg     + . .     Spirit   .   B - +1 plate armour {rC+}
rPois    ∞         Reflect  +   K - +2 helmet {SInv}
rElec    +         Harm     .   G - +2 cloak
rCorr    .         Rampage  .   c - +2 pair of gloves {archery}
Will     ++...                  D - +1 pair of boots
Stlth    ..........             I - amulet of reflection
HPRegen  0.26/turn              y - +4 ring of protection
MPRegen  0.18/turn              J - +4 ring of evasion

@: flying
A: sickness immunity, AC +12, big wings, negative energy resistance 1,
electricity resistance, torment resistance 1, petrification resistance
a: Renounce Religion, Heroism, Finesse


You were on level 15 of the Dungeon.
You worshipped Okawaru.
Okawaru was extremely pleased with you.
You visited 4 branches of the dungeon, and saw 24 of its levels.
You also visited: Gauntlet.

You collected 3279 gold pieces.
You spent 1004 gold pieces at shops.

Inventory:

Hand Weapons
 e - a +4 quarterstaff
 q - the +1 longbow "Osyteuje" (weapon) {speed, rPois Will+ Dex+2}
   (Okawaru gifted it to you on level 6 of the Lair of Beasts)

   Attacks with this weapon are significantly faster.
   It affects your dexterity (+2).
   It protects you from poison.
   It increases your willpower.
 w - a +2 lajatang of speed
Missiles
 a - 2 throwing nets
 f - 6 curare-tipped darts
 p - 597 arrows (quivered ammo)
Armour
 c - a +2 pair of gloves of archery (worn)
 B - a +1 plate armour of cold resistance (worn)
 D - a +1 pair of boots (worn)
 G - a +2 cloak (worn)
 K - a +2 helmet of see invisible (worn)
Jewellery
 b - a ring of fire
 n - a ring of protection from fire
 y - a +4 ring of protection (left hand)
 I - an amulet of reflection (around neck)
 J - a +4 ring of evasion (right hand)
Wands
 g - a wand of flame (57)
 l - a wand of polymorph (5)
 s - a wand of mindburst (28)
 v - a wand of digging (19)
 H - a wand of iceblast (29)
Scrolls
 h - 17 scrolls of teleportation
 k - 5 scrolls of fog
 t - 4 scrolls of fear
 C - 10 scrolls of identify
 E - 5 scrolls of blinking
Potions
 d - a potion of resistance
 i - 5 potions of heal wounds
 j - 4 potions of flight
 m - 5 potions of cancellation
 o - 8 potions of ambrosia
 r - 3 potions of attraction
 u - 2 potions of mutation
 x - 2 potions of might
 z - 2 potions of berserk rage
 A - 3 potions of curing
 F - 2 potions of invisibility


   Skills:
 - Level 9.5 Fighting
 - Level 14.0 Staves
 * Level 17.6 Bows
 - Level 1.7 Throwing
 - Level 9.3 Armour
 - Level 7.6 Dodging
 - Level 9.5 Invocations
 - Level 6.3 Evocations


You had 15 spell levels left.
You didn't know any spells.
Your spell library contained the following spells:

 Spells                   Type           Power      Damage    Failure   Level
 Apportation              Tloc           0%         N/A       99%         1
 Corona                   Hex            0%         N/A       99%         1
 Sting                    Tmut/Pois      0%         1d3       99%         1
 Summon Small Mammal      Summ           0%         N/A       99%         1
 Call Imp                 Summ           0%         N/A       100%        2
 Poisonous Vapours        Pois/Air       0%         N/A       100%        2
 Slow                     Hex            0%         N/A       100%        2
 Call Canine Familiar     Summ           0%         N/A       100%        3
 Confusing Touch          Hex            0%         N/A       100%        3
 Gell's Gravitas          Tloc           0%         N/A       100%        3
 Ignite Poison            Fire/Tmut/Pois 0%         N/A       100%        3
 Inner Flame              Hex/Fire       0%         N/A       100%        3
 Lesser Beckoning         Tloc           0%         N/A       100%        3
 Mephitic Cloud           Conj/Pois/Air  0%         N/A       100%        3
 Portal Projectile        Hex/Tloc       0%         N/A       100%        3
 Summon Guardian Golem    Hex/Summ       0%         N/A       100%        3
 Tukima's Dance           Hex            0%         N/A       100%        3
 Cause Fear               Hex            0%         N/A       100%        4
 Leda's Liquefaction      Hex/Erth       0%         N/A       100%        4
 Olgreb's Toxic Radiance  Pois           0%         N/A       100%        4
 Petrify                  Tmut/Erth      0%         N/A       100%        4
 Summon Ice Beast         Ice/Summ       0%         N/A       100%        4
 Summon Lightning Spire   Summ/Air       0%         N/A       100%        4
 Alistair's Intoxication  Tmut/Pois      0%         N/A       100%        5
 Lightning Bolt           Conj/Air       0%         1d11      100%        5
 Metabolic Englaciation   Hex/Ice        0%         N/A       100%        5
 Summon Forest            Summ/Tloc      0%         N/A       100%        5
 Summon Mana Viper        Hex/Summ       0%         N/A       100%        5
 Yara's Violent Unravell  Hex/Tmut       0%         3d3       100%        5
 Invisibility             Hex            0%         N/A       100%        6
 Tornado                  Air            0%         N/A       100%        9


Dungeon Overview and Level Annotations

Branches:
Dungeon (15/15)            Temple (1/1) D:4            Lair (6/6) D:9
 Shoals (0/4) Lair:3        Snake (0/4) Lair:4        Slime (0/5) Lair:6
    Orc (2/2) D:10            Elf (0/3) Orc:2        Vaults (0/5) D:13
 Depths (0/5) D:15        Gauntlet (visited)

Altars:
Ashenzari
Cheibriados
Dithmenos
Elyvilon
Fedhas
Gozag
Hepliaklqana
Kikubaaqudgha
Makhleb
Nemelex Xobeh
Okawaru
Qazlal
Ru
Sif Muna
Trog
Uskayaw
Vehumet
Wu Jian
Xom
Yredelemnul
Zin
The Shining One
Jiyva

Shops:
D:2 (   D:4 ?   D:7 [   D:11 [   Orc:1 (   Orc:2 [*=(

Portals:
Abyss: D:6


Innate Abilities, Weirdness & Mutations

You are immune to sickness and miasma.
Your stone body is resilient. (AC +12)
You are immune to poison.
Your large and strong wings let you fly.
You resist negative energy. (rN+)
You are resistant to electric shocks. (rElec)
You are resistant to unholy torment.
You are immune to petrification.


Message History

Your hands tingle!
q - the +1 longbow "Osyteuje" (weapon)
{speed, rPois Will+ Dex+2} You are too injured to fight recklessly!
You are too injured to fight recklessly!
You are too injured to fight recklessly!
The fire giant casts a spell at you.
The fireball explodes!
The fireball engulfs you but does no damage.
You start resting.
You feel like a meek peon again.
You start resting.
Your hands slow down.
You start resting.
Magic restored.
You start resting.
A fire giant is nearby!
You shoot an arrow. The arrow hits the fire giant!!
The fire giant is moderately wounded.
The fire giant casts a spell at you. The bolt of fire hits you!!!
Ouch! That really hurt!
* * * LOW HITPOINT WARNING * * *
You are too injured to fight recklessly!
You feel much better.
The fire giant gestures at you while chanting.
The fireball explodes!
The fireball engulfs you but does no damage.
You hear a horrible gurgling sound! x3
You are too injured to fight recklessly!
Fire: 599 arrows
Press: ? - help, Q - select action, (/) - cycle Shift-Dir - straight line, f/p - fire giant
Aim: a fire giant, wielding a +0 great sword of flaming (moderately wounded, 87% to hit)
You shoot an arrow. The arrow hits the fire giant!!
The fire giant is heavily wounded.
Fire: 598 arrows
Press: ? - help, Q - select action, (/) - cycle Shift-Dir - straight line, f/p - fire giant
Aim: a fire giant, wielding a +0 great sword of flaming (heavily wounded, 87% to hit)
You shoot an arrow. The arrow barely misses the fire giant.
The fire giant points at you and mumbles some strange words.
The bolt of fire hits you!!!
You die...

........#....#..#
..(.....# ...#..#
###C....# ...#..#
#.....######..#
#.............#
#.......#######
#.......#
###.....).#
.......@..#
......
..)......##
.....# ####+#...#
.....# #...######
.....#
#.........#
.....#
#........##
.....# #........#
.....# #........#
.....# #....#####


You could see a fire giant.

Vanquished Creatures
  Rupert (D:13)
  The ghost of bmj180 the Destroyer, a journeyman DrCj of Vehumet (Orc:2)
  An orc warlord (Orc:2)
  The ghost of Tribosh the Sorcerer, a journeyman DECj of Vehumet (D:13)
  A minotaur (Gauntlet)
  Josephine (Lair:6)
  14 hydras
  4 boulder beetles
  2 catoblepae
  A merfolk avatar (Lair:6)
  2 centaur warriors (D:14)
  8 death yaks
  2 two-headed ogres
  A tengu warrior (D:13)
  Nergalle (Lair:1)
  4 orc high priests (Orc:2)
  The ghost of zikan the Cleaver, a novice HOFi of Beogh (D:6)
  10 skeletal warriors
  A sixfirhy (D:9)
  4 sea snakes (Lair:6)
  4 orc knights
  Pikel (D:5)
  2 deep elf pyromancers
  2 orb spiders (shapeshifter)
  3 orc sorcerers
  A wolf spider (D:15)
  12 ugly things (D:15)
  2 manticores
  4 cyclopes
  19 elephants
  A rust devil (Gauntlet)
  3 black mambas
  A black mamba (shapeshifter) (D:14)
  18 cane toads
  Psyche (D:9)
  3 gargoyles
  An unseen horror (D:13)
  4 rime drakes
  10 kobold demonologists
  A torpor snail (Lair:5)
  9 komodo dragons
  2 tengu conjurers (D:13)
  3 meliai (D:15)
  3 trolls
  6 polar bears
  A queen bee (D:10)
  4 hornets
  21 blink frogs
  Prince Ribbit (D:8)
  A meliai zombie (D:11)
  A snapping turtle (Lair:3)
  8 slime creatures (D:13)
  Sigmund (D:2)
  The ghost of GrimJard the Skirmisher, an amateur TrBe of Trog (D:3)
  A vampire (D:10)
  5 wyverns
  A shadow (D:13)
  A ynoxinul (Gauntlet)
  2 basilisks
  59 yaks
  A steam dragon (Lair:3)
  6 wraiths
  13 vampire mosquitoes
  A small abomination (D:6)
  5 nagas (Lair:4)
  3 wargs
  An acid dragon (D:13)
  18 water moccasins
  5 ice beasts
  34 orc warriors
  4 sky beasts
  3 black bears
  A meliai simulacrum (D:14)
  3 necrophages
  10 ogres
  13 wolves
  7 centaurs
  A lemure (D:6)
  A phantom (D:7)
  7 kobold brigands
  Blork the orc (D:6)
  11 bullfrogs
  5 scorpions
  3 gnoll sergeants
  6 wights
  36 killer bees
  A howler monkey (D:12)
  6 centaur zombies
  A crimson imp (D:6)
  3 hounds
  A quasit (D:6)
  15 orc priests
  Crazy Yiuf (D:2)
  A bullfrog zombie (D:5)
  A bullfrog skeleton (D:6)
  4 iron imps (Gauntlet)
  3 iguanas
  24 orc wizards
  5 hell rats (Lair:6)
  2 killer bee zombies
  2 hound skeletons
  Robin (D:2)
  10 adders
  11 gnolls
  A river rat (D:3)
  2 shadow imps (D:5)
  A white imp (D:5)
  An ufetubus (D:7)
  An adder skeleton (D:4)
  A worm (D:5)
  A dart slug (D:1)
  59 orcs
  9 ball pythons
  5 bats
  5 endoplasms
  4 giant cockroaches
  24 goblins
  10 hobgoblins
  4 jackals
  25 kobolds
  6 quokkas
  7 frilled lizards
  6 rats
748 creatures vanquished.

Vanquished Creatures (others)
  An orc priest (Orc:1)
  2 orcs (Orc:1)
  4 ball lightnings (Orc:2)
  50 fungi
  54 plants
111 creatures vanquished.

Grand Total: 859 creatures vanquished

Notes
Turn   | Place    | Note
-------+----------+-------------------------------------------
     0 | D:1      | HoaS the Gargoyle Gladiator began the quest for the Orb.
     0 | D:1      | Reached XP level 1. HP: 12/12 MP: 1/1
    60 | D:1      | Found a faded altar of an unknown god.
    94 | D:1      | Reached XP level 2. HP: 15/17 MP: 2/2
   333 | D:1      | Reached XP level 3. HP: 21/21 MP: 3/3
   715 | D:2      | Noticed Sigmund
   723 | D:2      | Killed Sigmund
   724 | D:2      | Reached XP level 4. HP: 24/26 MP: 4/4
   724 | D:2      | Reached XP level 5. HP: 28/30 MP: 5/5
   936 | D:2      | Noticed Robin
   997 | D:2      | Killed Robin
   998 | D:2      | Reached XP level 6. HP: 31/35 MP: 6/6
  1334 | D:2      | Found Alanavej's Weapon Shop.
  1464 | D:2      | Found a runed translucent door.
  1465 | D:2      | Noticed Crazy Yiuf
  1666 | D:2      | Killed Crazy Yiuf
  1875 | D:3      | Found a glowing golden altar of the Shining One.
  1901 | D:3      | Found a sacrificial altar of Ru.
  1972 | D:3      | Found a broken altar of Ashenzari.
  1976 | D:3      | Saw a vision of the Shoals and the Snake Pit.
  1976 | D:3      | Noticed a naga
  1976 | D:3      | Noticed a naga ritualist
  1976 | D:3      | Noticed a black mamba
  1976 | D:3      | Noticed a black mamba
  1976 | D:3      | Noticed a sea snake
  1976 | D:3      | Noticed a merfolk
  1976 | D:3      | Noticed a merfolk
  1976 | D:3      | Noticed a wind drake
  2046 | D:3      | Found a runed translucent door.
  2047 | D:3      | Noticed GrimJard's ghost (amateur TrBe)
  2156 | D:3      | Found a white marble altar of Elyvilon.
  2607 | D:3      | Found a runed translucent door.
  2866 | D:4      | Found a staircase to the Ecumenical Temple.
  2888 | Temple   | Entered the Ecumenical Temple
  3102 | Temple   | Became a worshipper of Warmaster Okawaru
  3179 | D:4      | Reached skill level 1 in Invocations
  3179 | D:4      | Reached XP level 7. HP: 28/40 MP: 7/7
  3605 | D:4      | Found Culludae's Magic Scroll Shop.
  4004 | D:4      | Found a shimmering altar of Xom.
  4052 | D:5      | Entered Level 5 of the Dungeon
  4384 | D:5      | Reached XP level 8. HP: 28/44 MP: 10/10
  4384 | D:5      | You fall into a shaft and drop 1 floor!
  4400 | D:6      | Reached * piety under Okawaru
  5033 | D:5      | Reached skill level 10 in Staves
  5081 | D:5      | Reached ** piety under Okawaru
  5281 | D:5      | Reached XP level 9. HP: 6/48 MP: 11/11
  6067 | D:6      | Noticed Blork the orc
  6067 | D:6      | You fall into a shaft and drop 2 floors!
  6106 | D:8      | Noticed Prince Ribbit
  6123 | D:8      | Killed Prince Ribbit
  6383 | D:8      | Reached *** piety under Okawaru
  6597 | D:7      | Reached XP level 10. HP: 52/53 MP: 12/12
  7183 | D:7      | Found Yshruovei's Antique Armour Shoppe.
  7795 | D:6      | Killed Blork the orc
  7797 | D:6      | Noticed Pikel
  7852 | D:5      | Killed Pikel
  7852 | D:5      | Reached **** piety under Okawaru
  7853 | D:5      | Reached skill level 1 in Armour
  8117 | D:6      | Found a transporter.
  8131 | D:6      | Noticed a wizard
  8132 | D:6      | Found a transporter.
  8176 | D:6      | Found a one-way gate to the infinite horrors of the Abyss.
  8176 | D:6      | You fall into a shaft and drop 3 floors!
  8176 | D:9      | Noticed a two-headed ogre
  8177 | D:9      | Noticed Psyche
  8332 | D:6      | Identified the +2 dagger of Janaori {holy, Str+4 Int+4}
  8486 | D:6      | Noticed zikan's ghost (novice HOFi)
  8510 | D:6      | You fall into a shaft and drop 1 floor!
  8845 | D:3      | Killed GrimJard's ghost
  9556 | D:8      | Found a glowing silver altar of Zin.
  9556 | D:8      | Found an opulent altar of Gozag.
  9612 | D:8      | Found a hazy altar of Hepliaklqana.
  9781 | D:8      | Found a shimmering blue altar of Sif Muna.
 10048 | D:8      | Killed a two-headed ogre
 10048 | D:8      | Reached ***** piety under Okawaru
 10328 | D:9      | Reached skill level 5 in Fighting
 10333 | D:9      | Reached XP level 11. HP: 29/63 MP: 13/13
 10541 | D:9      | Killed Psyche
 10574 | D:9      | Found a staircase to the Lair.
 10587 | D:9      | Noticed a sixfirhy
 10588 | D:9      | Found a runed translucent door.
 10630 | D:9      | Reached skill level 5 in Armour
 10769 | D:9      | Reached skill level 1 in Bows
 10876 | D:9      | Reached skill level 2 in Bows
 11347 | D:8      | Reached skill level 5 in Dodging
 11356 | D:9      | Reached skill level 1 in Evocations
 11712 | Lair:1   | Entered Level 1 of the Lair of Beasts
 11730 | Lair:1   | Received a gift from Okawaru
 11731 | Lair:1   | Reached skill level 3 in Bows
 11863 | Lair:1   | Noticed Nergalle
 11884 | Lair:1   | Killed Nergalle
 12148 | Lair:1   | Reached skill level 4 in Bows
 12191 | Lair:1   | Found a hide-covered altar of Uskayaw.
 12483 | Lair:1   | Reached XP level 12. HP: 70/71 MP: 14/14
 12517 | Lair:1   | Reached skill level 5 in Bows
 13343 | Lair:2   | Found a hazy altar of Hepliaklqana.
 13449 | Lair:2   | Noticed a death yak
 13500 | Lair:2   | Killed a death yak
 13501 | Lair:2   | Reached skill level 6 in Bows
 13501 | Lair:2   | Reached skill level 5 in Evocations
 13503 | Lair:2   | Received a gift from Okawaru
 13762 | Lair:2   | Noticed a death yak
 13763 | Lair:2   | Noticed a death yak
 13772 | Lair:2   | Killed a death yak
 13775 | Lair:2   | Killed a death yak
 13848 | Lair:2   | Reached skill level 7 in Bows
 13864 | Lair:2   | Reached ****** piety under Okawaru
 14133 | Lair:2   | Reached XP level 13. HP: 53/78 MP: 8/15
 14330 | Lair:2   | Received a gift from Okawaru
 14912 | D:6      | Killed zikan's ghost
 15112 | D:9      | Reached skill level 8 in Bows
 15518 | Lair:3   | Found a staircase to the Shoals.
 15690 | Lair:3   | Identified the +2 troll leather armour "Jeciydaj" {rC+
                  | Will+ Regen+ Str-3} (Okawaru gifted it to you on level 3 of
                  | the Lair of Beasts)
 15690 | Lair:3   | Received a gift from Okawaru
 17070 | Lair:4   | Found a staircase to the Snake Pit.
 17094 | Lair:4   | Reached skill level 9 in Bows
 17846 | Lair:5   | Reached skill level 5 in Invocations
 17958 | Lair:5   | Received a gift from Okawaru
 18058 | Lair:5   | Received a gift from Okawaru
 18059 | Lair:5   | Gained mutation: Your large and strong wings let you fly.
                  | [Gargoyle growth]
 18059 | Lair:5   | Reached XP level 14. HP: 86/86 MP: 16/18
 18683 | Lair:6   | Entered Level 6 of the Lair of Beasts
 18703 | Lair:6   | Reached skill level 10 in Bows
 18746 | Lair:6   | Identified the +1 longbow "Osyteuje" {speed, rPois Will+
                  | Dex+2} (Okawaru gifted it to you on level 6 of the Lair of
                  | Beasts)
 18746 | Lair:6   | Received a gift from Okawaru
 18866 | Lair:6   | Noticed Josephine
 18879 | Lair:6   | Killed Josephine
 18924 | Lair:6   | Reached skill level 11 in Bows
 18971 | Lair:6   | Received a gift from Okawaru
 19126 | Lair:6   | Identified the +5 longbow of Hacking and Slashing {flame,
                  | rPois Str+4 Int+5} (Okawaru gifted it to you on level 6 of
                  | the Lair of Beasts)
 19126 | Lair:6   | Received a gift from Okawaru
 19246 | Lair:6   | Reached skill level 12 in Bows
 19456 | Lair:6   | Identified the +5 hand axe of the Crushed Thickets {flame,
                  | *Rage +Blink rN+}
 20194 | Lair:6   | Found a viscous altar of Jiyva.
 20194 | Lair:6   | Found a staircase to the Slime Pits.
 20243 | Lair:6   | Identified a scroll of acquirement
 20243 | Lair:6   | Acquired 967 gold pieces
 20429 | D:10     | Entered Level 10 of the Dungeon
 20544 | D:10     | Reached XP level 15. HP: 91/91 MP: 21/21
 20619 | D:10     | Found a burning altar of Makhleb.
 20781 | D:10     | Found a staircase to the Orcish Mines.
 20931 | D:10     | Found a blossoming altar of Fedhas.
 21082 | D:10     | Identified the +7 trident of Equivalence {freeze, rF- rN+++
                  | Str+2 SInv}
 21394 | D:11     | Reached skill level 13 in Bows
 21396 | D:11     | Received a gift from Okawaru
 21572 | D:11     | Found Boex's Armour Shoppe.
 21592 | D:11     | Upgraded the game from 0.27-a0-1149-g4505690ab0 to
                  | 0.27-a0-1154-gfdeffcb720
 22820 | Orc:1    | Entered Level 1 of the Orcish Mines
 23154 | Orc:2    | Entered Level 2 of the Orcish Mines
 23216 | Orc:2    | Found a staircase to the Elven Halls.
 23217 | Orc:2    | Found a runed translucent gate.
 23217 | Orc:2    | Found a runed translucent gate.
 23218 | Orc:2    | Found a runed translucent gate.
 23255 | Orc:2    | Noticed bmj180's ghost (journeyman DrCj)
 23285 | Orc:2    | Received a gift from Okawaru
 23401 | Orc:2    | Reached skill level 14 in Bows
 23404 | Orc:2    | Found Hynueren's Antique Weapon Shop.
 23591 | Orc:2    | Noticed an orc warlord
 23599 | Orc:2    | Received a gift from Okawaru
 23617 | Orc:2    | Killed an orc warlord
 23886 | Orc:2    | Found Athravut's Jewellery Shoppe.
 23894 | Orc:2    | Bought a +4 ring of evasion for 360 gold pieces
 23907 | Orc:2    | Identified the +1 ring mail of Distant Worlds {rPois Regen+
                  | Dex+5} (Okawaru gifted it to you on level 2 of the Orcish
                  | Mines)
 23907 | Orc:2    | Received a gift from Okawaru
 24100 | Orc:2    | Found Ytufu's General Store.
 24257 | Orc:2    | Found Qecoucir's Antique Armour Shoppe.
 24880 | Orc:1    | Found Buziun's Antique Weapon Boutique.
 25072 | Orc:2    | Bought a distressingly furry plate armour for 644 gold
                  | pieces
 25072 | Orc:2    | Identified the +0 plate armour "Saxaufig" {-Tele rPois
                  | Int+5} (You bought it in a shop on level 2 of the Orcish
                  | Mines)
 25093 | Orc:2    | Killed bmj180's ghost
 25263 | D:13     | Reached skill level 15 in Bows
 25343 | D:13     | Found a gate to the Vaults.
 25388 | D:13     | Found a gate leading to a gauntlet.
 25397 | Gauntlet | Entered a Gauntlet
 25397 | Gauntlet | Found a transporter.
 25412 | Gauntlet | Found a transporter.
 25413 | Gauntlet | Found a transporter.
 25421 | Gauntlet | Found a transporter.
 25424 | Gauntlet | Found a transporter.
 25425 | Gauntlet | Found a transporter.
 25434 | Gauntlet | Found a transporter.
 25437 | Gauntlet | Found a transporter.
 25438 | Gauntlet | Found a transporter.
 25445 | Gauntlet | Found a runed translucent door.
 25447 | Gauntlet | Found a transporter.
 25450 | Gauntlet | Found a transporter.
 25451 | Gauntlet | Found a transporter.
 25459 | Gauntlet | Found a transporter.
 25529 | Gauntlet | Found a transporter.
 25778 | Gauntlet | Identified the +11 shortbow of Kismet {flame, rElec rPois
                  | Will+ Dex-3}
 26007 | Gauntlet | Identified the Volume of Flying Calling
 26007 | Gauntlet | Identified the +5 ring mail of Modily {Drain +Blink +Inv
                  | Dex+4}
 26258 | D:13     | Reached XP level 16. HP: 82/96 MP: 23/23
 26427 | D:13     | Reached skill level 16 in Bows
 26552 | D:13     | Noticed Rupert
 26568 | D:13     | Killed Rupert
 26812 | D:13     | Found a runed translucent door.
 26812 | D:13     | Noticed Tribosh's ghost (journeyman DECj)
 26828 | D:13     | Killed Tribosh's ghost
 27070 | D:14     | Received a gift from Okawaru
 27246 | D:14     | Found a glowing silver altar of Zin.
 27449 | D:14     | Acquired a +2 lajatang of speed
 27775 | D:15     | Entered Level 15 of the Dungeon
 27787 | D:15     | Found an opulent altar of Gozag.
 27957 | D:15     | Reached skill level 17 in Bows
 28458 | D:15     | Found a staircase to the Depths.
 28627 | D:15     | Killed from afar by a fire giant

Illustrated notes

Levels and vault maps discovered:
D:1:      amcnicky_arrival_underground_garden, layout_loops_ring,
          ebering_ecumenical_altar_mist, hangedman_decor_lopped,
          kennysheep_doodads, amethyst_killhole
D:2:      layout_rooms, serial_shops, shop, uniq_robin, uniq_sigmund,
          uniq_crazy_yiuf_cottage
D:3:      layout_basic, nicolae_ru_great_annihilating_truth,
          general_overflow_altar, elyvilon_altar_1, grunt_ashenzari_visionary
          [grunt_ashenzari_visionary_shoals, grunt_ashenzari_visionary_snake],
          ebering_ghost_sewer_f
D:4:      layout_layer_cave, kennysheep_mini_moat, minmay_temple_entry_waves,
          serial_shops, nicolae_shop_trees
D:5:      minmay_bubble_buster, layout_cave_pools, nrook_loot_triangle,
          saegor_snake_ambush
D:6:      layout_rooms, gammafunk_ghost_abyssal_escape, serial_park_tiny_2,
          uniq_pikel, uniq_blork_the_orc
D:7:      layout_basic, serial_shops, shop
D:8:      statuecave_lemuel, layout_loops_corners,
          grunt_temple_overflow_gold_and_silver, lemuel_crystal_altar,
          lemuel_crystal_altar, enter_bailey_5, uniq_prince_ribbit1
D:9:      cheibrodos_shockbox, layout_small_grid, lair_entry_dummy, uniq_psyche
D:10:     layout_irregular_city, old_standard_altar, lightli_temple_of_fire,
          david_orc_1_choice, minmay_misc_feat_doors
D:11:     layout_loops_ring, serial_shops, nicolae_shop_behind_doors
D:12:     layout_roguey
D:13:     layout_roguey, david_vaults_4, gauntlet_entry_generic,
          ebering_ghost_reflecting_pool, uniq_rupert
D:14:     layout_rooms, minmay_stone_trees_large, corexii_leaking_fountain,
          zin_angel
D:15:     grunt_enter_depths_giant_problem, layout_irregular_city,
          grunt_gozag_statues, chequers_serial_rivers_room_a, uniq_azrael
Temple:   minmay_temple_curvy_loop
Lair:1:   layout_regular_city, basic_altar, uniq_nergalle
Lair:2:   layout_cave_pods, basic_altar
Lair:3:   layout_regular_city, minmay_shoals_entry_hut
Lair:4:   layout_big_grid, minmay_snake_entry_guardpost_medium, minivault_23,
          grunt_megastairs_3
Lair:5:   layout_roguey, st_stairs_11, grunt_megastairs_1, lemuel_fruit_tree
Lair:6:   gammafunk_lair_ancient_temple, layout_regular_city,
          dpeg_slime_entry_enclosed_altar, infiniplex_staircase_pool_2,
          uniq_josephine
Orc:1:    layout_diamond_mine, special_room [special_room_bee], serial_shops,
          shop
Orc:2:    grunt_orc_gardens, layout_caves, grunt_orc_garden, grunt_orc_garden,
          grunt_orc_garden, grunt_orc_garden, ebering_ghost_rock_garden

Skill      XL: |  1  2  3  4  5  6  7  8  9 10 11 12 13 14 15 16 |
---------------+-------------------------------------------------+-----
Staves         | 4 6 7 9 11 13 14 | 14.0
Invocations    | 1 3 5 8 9 |  9.5
Armour         | 4 6 7 9 |  9.3
Fighting       | 5 6 8 9 |  9.5
Dodging        | 4 5 6 7 |  7.6
Bows           | 4 7 9 12 15 17 | 17.6
Evocations     | 3 6 |  6.3
Throwing       | |  1.7

Action                   |  1- 3 |  4- 6 |  7- 9 | 10-12 | 13-15 | 16-18 || total
-------------------------+-------+-------+-------+-------+-------+-------++-------
Melee: Quarterstaff      |    71 |   195 |   392 |   893 |    97 |     8 ||  1656
       Lajatang          |       |       |       |    81 |   808 |   220 ||  1109
       Longbow           |       |       |       |       |     2 |       ||     2
 Fire: Shortbow          |       |       |       |    17 |    85 |       ||   102
       Longbow           |       |       |       |       |   315 |   143 ||   458
Throw: Throwing net      |     3 |     2 |     2 |     1 |       |       ||     8
       Dart              |       |     2 |     1 |       |       |       ||     3
       Boomerang         |       |       |     5 |       |       |       ||     5
Invok: Heroism           |       |       |       |     7 |    10 |     2 ||    19
       Finesse           |       |       |       |     2 |     8 |     2 ||    12
Evoke: Wand              |       |       |       |     3 |     2 |       ||     5
  Use: Scroll            |     4 |     3 |    11 |    13 |     9 |     4 ||    44
       Potion            |       |       |       |     1 |     2 |     2 ||     5
 Stab: Held in net/web   |     1 |       |       |       |       |       ||     1
       Invisible         |       |     1 |       |       |       |       ||     1
       Distracted        |       |       |       |       |    11 |     1 ||    12
Armor: Leather armour    |    25 |    56 |       |       |       |       ||    81
       Chain mail        |       |    27 |   222 |    27 |       |       ||   276
       Plate armour      |       |       |       |   535 |   686 |    96 ||  1317
Dodge: Dodged            |    42 |   104 |   123 |   277 |   448 |    85 ||  1079
Block: Other             |       |       |       |       |   140 |    34 ||   174
       Reflection        |       |       |       |       |     5 |     1 ||     6

Table legend: (Time is in decaauts)
 A = Elapsed time spent in this place.
 B = Non-inter-level travel time spent in this place.
 C = Inter-level travel time spent in this place.
 D = Time resting spent in this place.
 E = Time spent auto-exploring this place.
 F = Levels seen in this place.
 G = Mean time per level.
                   A        B        C        D        E       F      G
               +--------+--------+--------+--------+--------+-----+--------+
         Total |  27418 |  25051 |   2367 |   6068 |  13931 |  25 | 1096.7 |
       Dungeon |  16676 |  15000 |   1676 |   3412 |   8584 |  15 | 1111.7 |
        Temple |    237 |    204 |     33 |      0 |    203 |   1 |  237.0 |
          Lair |   7783 |   7236 |    547 |   1916 |   3851 |   6 | 1297.2 |
  Orcish Mines |   2113 |   2003 |    110 |    407 |   1121 |   2 | 1056.5 |
      Gauntlet |    608 |    608 |      0 |    333 |    172 |   1 |  608.0 |
               +--------+--------+--------+--------+--------+-----+--------+

Top non-repeatable levels by time:
     D:5: 1924 daAuts
  Lair:3: 1648 daAuts
     D:8: 1558 daAuts
  Lair:2: 1556 daAuts
     D:9: 1547 daAuts
  Lair:6: 1460 daAuts
   Orc:2: 1390 daAuts
     D:6: 1301 daAuts
     D:7: 1257 daAuts
  Lair:1: 1257 daAuts
     D:4: 1154 daAuts
     D:3: 1134 daAuts
    D:13: 1103 daAuts
    D:10: 1073 daAuts
     D:2: 1073 daAuts
